 Dungeon Crawl Stone Soup version 0.15.0-18-g9076a4f (webtiles) character file.

266954 Johnny the Blocker (level 20, 0/99 (112) HPs)
             Began as a Formicid Fighter on Sept 7, 2014.
             Was a High Priest of Qazlal.
             Killed from afar by a starcursed mass (12 damage)
             ... with an accursed screaming
             ... on Level 1 of the Abyss.
             The game lasted 04:37:43 (47113 turns).

Johnny the Blocker (Formicid Fighter)              Turns: 47113, Time: 04:37:46

HP   0/99 (112)  AC 16     Str 20      XL: 20   Next: 95%
MP  15/23        EV 20     Int  4      God: Qazlal [*****.]
Gold 3060        SH 32     Dex 13      Spells: 11 memorised,  1 level left

rFire  + + .     SeeInvis +     p - +3 halberd (vamp)
rCold  + . .     Clarity  .     X - +3 ring mail of Sin {rF++ rN+ Dex+1 Slay+6}
rNeg   + . .     rCorr    .     B - +5 large shield of Meatuhown {+Blink}
rPois  +         rRot     .     (helmet unavailable)
rElec  +         Spirit   .     s - +0 cloak of Starlight {rElec rC+ EV+4 Stlth-}
SustAb .         Warding  .     W - +2 pair of gloves {archery}
rMut   .         Stasis   +     J - +1 pair of boots
Gourm  +                        t - amulet of the gourmand
MR     +++..                    v - ring of protection from magic
                                Z - ring of poison resistance

@: very slightly contaminated, regenerating (expiring), repel missiles,
invisible, extremely resistant to hostile enchantments, extremely unstealthy
A: permanent stasis, dig shafts and tunnels, four strong arms, antennae 3,
blurry vision 3, clumsy 2, deformed body, deterioration 3, dopey 2, frail 3, low
mp 3, screaming 2, slow healing 1, weak 2, no device heal 3, forlorn, placid
magic 1
a: Dig, Shaft Self, Upheaval, Elemental Force, Disaster Area, Renounce Religion
}: 2/15 runes: decaying, serpentine


You were on level 1 of the Abyss.
You worshipped Qazlal.
Qazlal was extremely pleased with you.
You were full.

You visited 8 branches of the dungeon, and saw 42 of its levels.
You visited the Abyss 1 time.
You also visited: Volcano and Wizlab.

You collected 4118 gold pieces.
You spent 1058 gold pieces at shops.

Inventory:

Hand weapons
 p - a +3 vampiric halberd (weapon)
 w - a +2 trident of protection
 K - a cursed +3 halberd of flaming
Missiles
 F - 2 throwing nets (quivered)
Armour
 s - the +0 cloak of Starlight (worn) {rElec rC+ EV+4 Stlth-}
   (You found it on level 10 of the Dungeon)

   It affects your evasion (+4).
   It protects you from cold.
   It insulates you from electricity.
   It makes you less stealthy.
 B - the +5 large shield of Meatuhown (worn) {+Blink}
   (You found it on level 8 of the Dungeon)

   It lets you blink.
 J - a +1 pair of boots (worn)
 W - a +2 pair of gloves of archery (worn)
 X - the +3 ring mail of Sin (worn) {rF++ rN+ Dex+1 Slay+6}
   (You found it on level 8 of the Lair of Beasts)

   It affects your dexterity (+1).
   It affects your accuracy and damage with ranged weapons and melee attacks
   (+6).
   It greatly protects you from fire.
   It protects you from negative energy.
Magical devices
 b - a wand of confusion (6)
 h - a wand of enslavement (0)
 j - a wand of digging (5)
 n - a wand of teleportation (3)
 u - a wand of fireball (4)
 G - a wand of cold (2)
Comestibles
 d - 20 bread rations
 f - 17 meat rations
 C - 2 rotting chunks of salamander flesh
Scrolls
 c - 20 scrolls of remove curse
 g - a scroll of identify
 l - 2 scrolls of vulnerability
 A - 2 scrolls of amnesia
 E - a scroll of fog
 I - 3 scrolls of holy word
 L - 10 scrolls of fear
 Q - 2 scrolls of recharging
Jewellery
 e - an uncursed ring of protection from cold
 i - the ring "Vumn" {rC++ Stlth-}
   (You found it on level 4 of the Snake Pit)

   [ring of loudness]

   It greatly protects you from cold.
   It makes you less stealthy.
 k - an uncursed ring of protection from fire
 m - an uncursed ring of flight
 r - an uncursed amulet of resist corrosion
 t - an amulet of the gourmand (around neck)
 v - a ring of protection from magic (right hand)
 x - an uncursed ring of protection from cold
 y - an uncursed ring of sustain abilities
 D - an uncursed amulet of clarity
 M - an uncursed ring of positive energy
 Z - a ring of poison resistance (left hand)
Potions
 a - 6 potions of flight
 o - 6 potions of brilliance
 q - 2 potions of curing
 H - a potion of heal wounds
 N - a potion of porridge
 P - a potion of restore abilities
 S - a potion of magic
 V - 3 potions of resistance
Books
 z - a book of Flames

   Spells                             Type                      Level
   Flame Tongue                       Conjuration/Fire             1
   Throw Flame                        Conjuration/Fire             2
   Conjure Flame                      Conjuration/Fire             3
   Inner Flame                        Hexes/Fire                   3
   Sticky Flame                       Conjuration/Fire             4
   Fireball                           Conjuration/Fire             5


   Skills:
 * Level 14.3 Fighting
   Level 12.7(13.5) Axes
 * Level 8.1(11.4) Polearms
 * Level 14.1 Armour
 * Level 11.9 Dodging
 * Level 15.4 Shields
 * Level 7.0 Spellcasting
 * Level 11.0 Hexes
 * Level 6.6 Charms
 * Level 0.4 Necromancy
 * Level 4.9 Translocations
 * Level 7.6 Air Magic
 - Level 10.0 Invocations
 - Level 11.0 Evocations


You had one spell level left.
You knew the following spells:

 Your Spells              Type           Power        Failure   Level  Hunger
a - Shroud of Golubria    Chrm/Tloc      #.........   1%          2    ###....
b - Infusion              Chrm           #.....       1%          1    ##.....
c - Teleport Other        Tloc           #.......     5%          3    ####...
d - Stoneskin             Trmt/Erth      #.......     32%         2    ###....
e - Phase Shift           Tloc           #.........   83%         5    ######.
f - Silence               Hex/Air        #.........   9%          5    ######.
g - Regeneration          Chrm/Necr      #.........   11%         3    ####...
h - Swiftness             Chrm/Air       #.......     1%          2    ###....
i - Cause Fear            Hex            #.........   1%          4    #####..
j - Song of Slaying       Chrm           #.......     1%          2    ###....
k - Flight                Chrm/Air       #.........   2%          3    ####...


Dungeon Overview and Level Annotations

Branches:
Dungeon (15/15)            Temple (1/1) D:4             Orc (4/4) D:9
    Elf (3/3) Orc:3          Lair (8/8) D:11          Swamp (5/5) Lair:6
  Snake (5/5) Lair:4        Slime (0/6) Lair:6       Vaults (0/5) D:13
 Depths (1/5) D:15

Altars:
Ashenzari
Dithmenos
Elyvilon
Fedhas
Makhleb
Qazlal
Sif Muna
Trog
Vehumet
Xom
Yredelemnul
Zin
Beogh

Shops:
Orc:4 (=(?[   Elf:1 %   Snake:2 (


Innate Abilities, Weirdness & Mutations

Your are under a permanent stasis effect.
You can dig through walls and to a lower floor.
Your four strong arms can wield two-handed weapons with a shield.
You have a pair of large antennae on your head (SInv).
[Your vision is extremely blurry.]
[You are very clumsy. (Dex -4)]
[Armour fits poorly on your strangely shaped body.]
[Your body is rapidly deteriorating.]
[You are very dopey. (Int -4)]
[You are extremely frail (-30% HP).]
[Your magical capacity is extremely low (-30% MP).]
[You sometimes yell uncontrollably at your foes.]
[You heal slowly when monsters are visible.]
[You are very weak. (Str -4)]
[Potions and wands cannot restore your health.]
[You have difficulty communicating with the divine.]
[Your spells are a little easier to cast, but a little less powerful.]


Message History

You block the small abomination's attack.
A shadow wraith comes into view.
Use which ability? (? or * to list)
You extend your mandibles.
You dig through the rock wall.
A wretched star comes into view.
You retract your mandibles.
The small abomination barely misses you.
The white imp is engulfed in freezing vapours.
A starcursed mass splits.
Your skin stops crawling.
The wretched star is engulfed in roaring flames. x2
Casting: Regeneration
Confirm with . or Enter, or press ? or * to list all spells.
Your skin crawls.
Your skin is crawling a little less now.
You block the small abomination's attack.
A starcursed mass splits. x2
A chorus of shrieks assaults your mind.
You die...

# # # .#. ..# ###.#
.. ...... ## #..#.
#.##...
####..#§##.##.## .#
##..##.*@§......# .
.#.#..§§Xx#........ .
......X...#.###......
. ## ..X.XX.#.##
#.#... .#.... #.X
##..## ..... #......
#.##W{§.#...... .
3..### .3..{..)....
...# {{# 3#..5{.# ...
..#{.{## ##..{###...


You could see 4 starcursed masses, a wretched star, a shadow wraith (invisible),
a large abomination (wandering), a smoke demon and a small abomination.

Vanquished Creatures
  Saint Roka (Orc:4)
  A bone dragon (Swamp:5)
  Vashnia (Snake:4)
  A tentacled starspawn (WizLab)
  A thorn hunter (Swamp:5)
  A lich (Depths:1)
  Agnes (Swamp:4)
  A fire giant (Depths:1)
  12 greater nagas
  Aizul (Snake:5)
  A reaper (WizLab)
  2 very ugly things (Depths:1)
  4 dire elephants
  2 ettins
  A crystal guardian (Elf:3)
  The ghost of BoredOne the Cleaver, a powerful CeBe of Trog (D:11)
  3 vault guards (D:13)
  Josephine (Orc:4)
  A yaktaur captain (D:11)
  14 hydras
  The ghost of Johnny the Quickloader, a powerful FoHu of Qazlal (Lair:3)
  15 naga warriors
  The ghost of cribozai the Fighter, a powerful HuDK of Yredelemnul (D:11)
  A shambling mangrove (Swamp:5)
  3 large abominations
  7 centaur warriors
  2 deep troll shamans (Depths:1)
  7 anacondas
  An ogre mage (D:15)
  A deep troll earth mage (Depths:1)
  An orc high priest (Orc:4)
  8 alligators
  A tengu warrior (D:13)
  A thrashing horror (WizLab)
  11 shock serpents
  4 naga sharpshooters
  Nergalle (Orc:2)
  8 deep elf knights
  2 wizards
  A salamander mystic (Snake:3)
  2 fire crabs
  A sea snake (shapeshifter) (Elf:1)
  2 unseen horrors
  5 deep elf summoners
  2 spectral hydras (Swamp:5)
  A flayed ghost (D:14)
  5 swamp dragons
  A giant orange brain (Depths:1)
  11 naga ritualists
  5 spriggan druids
  9 hill giants
  7 deep elf conjurers
  An orc knight (Orc:3)
  A necromancer (D:15)
  A shining eye (shapeshifter) (Elf:3)
  8 mana vipers
  3 orc sorcerers (Orc:4)
  A salamander (shapeshifter) (D:15)
  5 cyclopes
  6 salamanders
  19 ugly things
  A phantasmal warrior (D:11)
  3 red wasps
  A sixfirhy (WizLab)
  2 griffons
  19 elephants
  Maurice (D:13)
  3 worldbinders (WizLab)
  A fire giant skeleton (D:15)
  2 manticores (D:14)
  2 apocalypse crabs (WizLab)
  A centaur zombie (D:14)
  29 black mambas
  A dire elephant zombie (D:15)
  A torpor snail (Lair:8)
  An item mimic (D:9)
  19 guardian serpents
  2 orange demons (WizLab)
  17 naga magi
  Psyche (D:11)
  2 efreet
  A queen ant (Lair:6)
  3 swamp worm zombies (Swamp:5)
  A kobold demonologist (D:15)
  2 gargoyles
  8 komodo dragons
  26 spiny frogs
  A death yak skeleton (D:15)
  3 hydra zombies (Swamp:5)
  A yaktaur (Depths:1)
  A demonic crawler (Elf:1)
  3 deep elf priests
  A hellwing (WizLab)
  3 fire drakes
  9 trolls
  An ancient zyme (WizLab)
  A jumping spider (shapeshifter) (D:14)
  2 guardian mummies (D:14)
  9 giant leeches
  A jumping spider (Elf:1)
  Sonja (D:12)
  A queen bee (Lair:5)
  7 two-headed ogres
  2 blue devils
  17 slime creatures
  15 blink frogs
  14 bog bodies
  A queen bee (shapeshifter) (Elf:1)
  14 ravens
  17 deep elf magi
  2 raiju (Abyss:1)
  3 spectral swamp dragons (Swamp:5)
  4 baby alligators (Swamp:3)
  2 air elementals
  4 alligator zombies (Swamp:5)
  5 basilisks
  A trapdoor spider (D:14)
  3 wyverns
  3 wraiths
  A spriggan (shapeshifter) (D:14)
  An ice dragon skeleton (D:15)
  3 spriggans
  A fire bat (Volcano)
  3 redbacks (Elf:1)
  A tarantella (Elf:1)
  3 water elementals
  A hill giant zombie (D:12)
  8 hippogriffs
  4 fire elementals
  3 shadows
  A ynoxinul (Abyss:1)
  2 steam dragons
  85 yaks
  2 hungry ghosts
  50 nagas
  2 hill giant skeletons
  35 vampire mosquitoes
  17 wolves
  11 deep elf fighters
  2 hogs
  A human (WizLab)
  The ghost of chipmonk the Charmwright, an average OpSk (D:3)
  A spatial vortex (WizLab)
  A mottled dragon (D:11)
  32 water moccasins
  7 wargs
  16 soldier ants (Lair:6)
  37 swamp worms
  31 orc warriors
  10 porcupines
  4 swamp drakes
  6 ice beasts
  19 ogres
  A black bear (Lair:2)
  3 yellow wasps
  7 phantoms
  4 swamp dragon zombies (Swamp:5)
  4 sky beasts
  2 necrophages
  15 centaurs
  5 big kobolds
  22 crocodiles
  A boring beetle (Lair:4)
  2 brain worms
  12 giant frogs
  A crocodile (shapeshifter) (D:15)
  18 insubstantial wisps
  7 scorpions
  33 killer bees
  A hippogriff zombie (D:6)
  3 wights (D:9)
  2 electric eels
  2 starcursed masses (Abyss:1)
  4 goliath beetles
  7 crimson imps
  41 orc wizards
  15 hounds
  3 centaur skeletons
  A giant frog skeleton (D:10)
  26 orc priests
  3 quasits
  6 spectral orcs (Orc:3)
  A black bear skeleton (D:7)
  2 jellies (Lair:6)
  4 iguanas
  A basilisk skeleton (D:15)
  2 spectral swamp drakes (Swamp:5)
  43 worker ants
  2 orange rats (Elf:1)
  Ijyb (D:7)
  32 sheep
  A big kobold zombie (D:6)
  2 ogre skeletons
  2 hound skeletons
  2 mummies
  2 scorpion zombies
  A swamp drake zombie (Swamp:5)
  15 adders
  34 green rats
  14 orc zombies
  3 shadow imps
  A goliath beetle zombie (D:6)
  An ufetubus (D:15)
  2 adder zombies
  7 oozes
  165 orcs
  A ball python (D:3)
  20 bats
  4 giant cockroaches
  24 goblins
  10 hobgoblins
  12 jackals
  5 giant newts
  4 giant spores
  A hobgoblin skeleton (Orc:4)
  38 kobolds
  A lurking horror (WizLab)
  An orc skeleton (Orc:4)
  12 quokkas
  12 rats
  21 ballistomycetes
  3 briar patches (Swamp:5)
  A butterfly (Lair:5)
  2 crawling corpses (Elf:1)
  69 fungi
  37 plants
1797 creatures vanquished.

Vanquished Creatures (collateral kills)
  Frances (Snake:5)
  Kirke (D:14)
  An emperor scorpion (Depths:1)
  A very ugly thing (Depths:1)
  5 hydras
  2 naga warriors
  An ice devil (Elf:3)
  A deep troll (Depths:1)
  A swamp dragon (Lair:6)
  3 ugly things
  2 guardian serpents (Snake:5)
  An orc sorcerer (Orc:4)
  2 black mambas (Snake:5)
  An orange demon (WizLab)
  A gargoyle (D:14)
  A raven (Swamp:4)
  A bog body (Swamp:4)
  A trapdoor spider (D:13)
  A yak (Lair:6)
  A hippogriff (Lair:6)
  3 wolves (Lair:2)
  A water moccasin (Lair:8)
  3 nagas
  A swamp drake (Swamp:4)
  3 orc warriors (D:9)
  5 centaurs (D:13)
  A crocodile (Lair:2)
  A hound (Lair:2)
  5 orc priests
  3 orc wizards (Orc:4)
  A green rat (Lair:7)
  3 orc zombies (Orc:4)
  2 oozes (Lair:6)
  5 orcs (Orc:4)
66 creatures vanquished.

Vanquished Creatures (others)
  A vault guard (D:13)
  3 naga sharpshooters
  An orc high priest (Elf:3)
  A deep elf knight (Elf:1)
  An ugly thing (Depths:1)
  A salamander (Snake:3)
  A spiny frog (Lair:8)
  A raiju (Abyss:1)
  A bog body (Swamp:5)
  10 air elementals
  5 water elementals
  8 fire elementals
  2 humans (D:15)
  A chaos spawn (Abyss:1)
  A deep elf fighter (Volcano)
  A porcupine (Lair:7)
  A swamp drake (Swamp:4)
  6 earth elementals
  3 orc wizards
  A sheep (D:15)
  An adder (Lair:8)
  An ufetubus (Abyss:1)
  3 orcs
  2 giant spores
  A briar patch (Swamp:5)
  9085 eldritch tentacle segments (WizLab)
  10 fungi
  6 plants
  4 starspawn tentacles
  3 starspawn tentacle segments (Abyss:1)
9166 creatures vanquished.

Grand Total: 11029 creatures vanquished

Notes
Turn   | Place    | Note
--------------------------------------------------------------
     0 | D:1      | Johnny, the Formicid Fighter, began the quest for the Orb.
     0 | D:1      | Reached XP level 1. HP: 18/18 MP: 1/1
   174 | D:1      | Reached XP level 2. HP: 20/24 MP: 3/3
   545 | D:2      | Found a glowing silver altar of Zin.
   770 | D:2      | Reached XP level 3. HP: 29/29 MP: 4/4
  1052 | D:2      | Reached skill level 1 in Dodging
  1293 | D:2      | Reached skill level 4 in Shields
  1749 | D:3      | Reached XP level 4. HP: 35/37 MP: 5/5
  1817 | D:3      | Noticed chipmonk's ghost (average OpSk)
  1834 | D:3      | Killed chipmonk's ghost
  1834 | D:3      | Reached XP level 5. HP: 20/42 MP: 7/7
  1968 | D:3      | Reached XP level 6. HP: 20/48 MP: 8/8
  2145 | D:3      | Found a bloodstained altar of Trog.
  2190 | D:3      | Found a basalt altar of Yredelemnul.
  2770 | D:4      | Found a staircase to the Ecumenical Temple.
  2818 | Temple   | Entered the Ecumenical Temple
  2830 | Temple   | Became a worshipper of Qazlal Stormbringer
  3054 | D:4      | Found a blossoming altar of Fedhas.
  3123 | D:4      | Reached skill level 5 in Shields
  3373 | D:4      | Reached XP level 7. HP: 38/55 MP: 9/9
  3475 | D:5      | Entered Level 5 of the Dungeon
  4133 | D:5      | Reached skill level 5 in Fighting
  4219 | D:5      | Reached skill level 5 in Armour
  4382 | D:5      | Reached XP level 8. HP: 57/62 MP: 11/11
  4470 | D:6      | Acquired Qazlal's first power
  4705 | D:6      | Reached skill level 6 in Shields
  5250 | D:6      | Found a burning altar of Makhleb.
  5326 | D:6      | Reached skill level 5 in Axes
  5516 | D:6      | Reached XP level 9. HP: 46/66 MP: 12/12
  6456 | D:7      | Noticed Ijyb
  6464 | D:7      | Killed Ijyb
  6485 | D:7      | Noticed a cyclops
  6510 | D:7      | Killed a cyclops
  6510 | D:7      | Reached skill level 7 in Shields
  6764 | D:7      | Reached skill level 5 in Dodging
  6802 | D:7      | Acquired Qazlal's second power
  7295 | D:7      | Reached XP level 10. HP: 73/76 MP: 13/13
  7427 | D:7      | Reached skill level 8 in Shields
  7995 | D:8      | Got a pitted large shield
  8011 | D:8      | Identified the +5 large shield of Meatuhown {+Blink} (You found it on level 8 of the Dungeon)
  8090 | D:8      | Found a shattered altar of Ashenzari.
  8492 | D:8      | Acquired Qazlal's third power
  8998 | D:9      | Killed a potion mimic
  9175 | D:9      | Reached skill level 9 in Shields
  9659 | D:9      | Reached XP level 11. HP: 44/84 MP: 15/15
  9679 | D:10     | Entered Level 10 of the Dungeon
  9777 | D:9      | You fall through a shaft!
 10045 | D:10     | Acquired Qazlal's fourth power
 11176 | D:9      | Acquired Qazlal's fifth power
 11207 | D:9      | Found a staircase to the Orcish Mines.
 11208 | D:9      | Found a roughly hewn altar of Beogh.
 11428 | D:9      | Reached skill level 10 in Shields
 11586 | Orc:1    | Entered Level 1 of the Orcish Mines
 12595 | Orc:3    | Noticed Nergalle
 12618 | Orc:3    | Noticed a spectral orc warlord
 12631 | Orc:2    | Killed Nergalle
 12841 | Orc:4    | Entered Level 4 of the Orcish Mines
 12841 | Orc:4    | Noticed an ettin
 12847 | Orc:4    | Noticed Saint Roka
 12896 | Orc:3    | Killed an ettin
 12896 | Orc:3    | Reached XP level 12. HP: 14/94 MP: 7/16
 13667 | Orc:3    | Found a roughly hewn altar of Beogh.
 13930 | Orc:2    | Reached skill level 10 in Fighting
 14317 | Orc:1    | Reached skill level 10 in Armour
 14495 | Orc:1    | Found a bloodstained altar of Trog.
 14770 | D:11     | Noticed a yaktaur captain
 14782 | D:11     | Killed a yaktaur captain
 14782 | D:11     | Reached skill level 11 in Shields
 14834 | D:11     | Noticed a centaur warrior
 14836 | D:11     | Noticed BoredOne's ghost (powerful CeBe)
 14847 | D:11     | Killed a centaur warrior
 14862 | D:11     | Killed BoredOne's ghost
 14868 | D:11     | Noticed a centaur warrior
 14883 | D:11     | Killed a centaur warrior
 14904 | D:11     | Noticed cribozai's ghost (powerful HuDK)
 14924 | D:11     | Killed cribozai's ghost
 14924 | D:11     | Reached XP level 13. HP: 70/101 MP: 17/17
 15207 | D:11     | Found a staircase to the Lair.
 15227 | Lair:1   | Entered Level 1 of the Lair of Beasts
 15247 | Lair:1   | Found a labyrinth entrance.
 15934 | Lair:2   | Reached skill level 12 in Shields
 15957 | Lair:2   | Reached skill level 10 in Axes
 16013 | Lair:2   | Reached skill level 1 in Invocations
 16013 | Lair:2   | Reached skill level 1 in Evocations
 16821 | Lair:3   | Noticed Johnny's ghost (powerful FoHu)
 16850 | Lair:3   | Killed Johnny's ghost
 17515 | Lair:4   | Reached XP level 14. HP: 108/110 MP: 23/23
 17583 | Lair:4   | Found a staircase to the Snake Pit.
 17922 | Lair:4   | Found a dark tunnel.
 18188 | Volcano  | Entered a volcano
 19863 | Lair:6   | Reached skill level 1 in Polearms
 19866 | Lair:6   | Reached skill level 5 in Evocations
 20216 | Lair:6   | Reached skill level 5 in Invocations
 20233 | Lair:6   | Reached skill level 13 in Shields
 20265 | Lair:6   | Found a staircase to the Slime Pits.
 20356 | Lair:6   | Reached skill level 10 in Dodging
 20864 | Lair:6   | Found a staircase to the Swamp.
 21042 | Lair:7   | Reached XP level 15. HP: 65/118 MP: 21/26
 21896 | Lair:8   | Entered Level 8 of the Lair of Beasts
 22191 | Lair:8   | Identified a scroll of acquirement
 22194 | Lair:8   | Got a fine cloak
 22273 | Lair:8   | Identified the +0 cloak "Zomoxt" {Str+2 Dex+3} (You acquired it on level 8 of the Lair of Beasts)
 22923 | Lair:8   | Got a transparent ring mail
 22939 | Lair:8   | Identified the +3 ring mail of Sin {rF++ rN+ Dex+1 Slay+6} (You found it on level 8 of the Lair of Beasts)
 23136 | Swamp:1  | Entered Level 1 of the Swamp
 23768 | D:11     | Noticed Psyche
 23774 | D:11     | Killed Psyche
 24313 | Orc:4    | Killed Saint Roka
 24365 | Orc:4    | Noticed an orc sorcerer
 24383 | Orc:4    | Killed an orc sorcerer
 24399 | Orc:4    | Noticed an orc high priest
 24402 | Orc:4    | Noticed an orc sorcerer
 24404 | Orc:4    | Killed an orc sorcerer
 24407 | Orc:4    | an orc high priest (ally) was killed
 24412 | Orc:4    | Noticed an orc sorcerer
 24415 | Orc:4    | Killed an orc sorcerer
 24421 | Orc:4    | Found Smaug's Jewellery Emporium.
 24421 | Orc:4    | Found Hosethoh's Magic Scroll Shoppe.
 24422 | Orc:4    | Found Thicahes' Antique Weapon Shoppe.
 24426 | Orc:4    | Found Rozxe's Antique Weapon Emporium.
 24468 | Orc:4    | Bought a scroll of identify for 30 gold pieces
 24468 | Orc:4    | Bought a scroll of identify for 30 gold pieces
 24468 | Orc:4    | Bought a scroll of enchant weapon for 112 gold pieces
 24468 | Orc:4    | Bought a scroll of fear for 52 gold pieces
 24468 | Orc:4    | Bought a scroll of identify for 30 gold pieces
 24532 | Orc:4    | Noticed a cyclops
 24539 | Orc:4    | Killed a cyclops
 24577 | Orc:4    | Found Cafroget's Antique Armour Boutique.
 24878 | Orc:4    | Noticed Josephine
 24888 | Orc:4    | Killed Josephine
 24922 | Orc:4    | Noticed an orc sorcerer
 24927 | Orc:4    | Killed an orc sorcerer
 25126 | Orc:4    | Bought a dazzling chain mail for 237 gold pieces
 25126 | Orc:4    | Bought a crude buckler for 237 gold pieces
 25139 | Orc:4    | Identified the +2 buckler of Ecit {Stlth++} (You bought it in a shop on level 4 of the Orcish Mines)
 25149 | Orc:4    | Identified the cursed -5 chain mail of the Villain {rElec Curse} (You bought it in a shop on level 4 of the Orcish Mines)
 25222 | Orc:4    | Bought an uncursed amulet of the gourmand for 330 gold pieces
 25268 | Orc:3    | Found a staircase to the Elven Halls.
 25365 | Elf:1    | Entered Level 1 of the Elven Halls
 25503 | Elf:1    | Reached XP level 16. HP: 126/126 MP: 29/29
 25811 | Elf:1    | Found Zeobry's Food Shop.
 26474 | Elf:2    | Reached skill level 5 in Polearms
 26669 | Elf:2    | Found a magical portal.
 26758 | WizLab   | Entered The Roulette of Golubria
 26762 | WizLab   | Found a corrupted altar of Lugonu.
 26762 | WizLab   | Noticed an eldritch tentacle
 26762 | WizLab   | Noticed an eldritch tentacle
 26806 | WizLab   | Found a corrupted altar of Lugonu.
 26969 | WizLab   | Found a corrupted altar of Lugonu.
 27140 | WizLab   | Noticed a tentacled starspawn
 27398 | WizLab   | Killed a tentacled starspawn
 27406 | WizLab   | Reached skill level 14 in Shields
 27414 | WizLab   | Identified Golubria's Reference Book on Displacement
 27514 | WizLab   | Got a slimy cloak
 27652 | WizLab   | Identified the +1 cloak of the Dungeon {MR+} (You found it in a wizard's laboratory)
 28495 | Snake:1  | Entered Level 1 of the Snake Pit
 29205 | Snake:1  | Learned a level 2 spell: Shroud of Golubria
 29581 | Snake:2  | Reached skill level 1 in Charms
 29581 | Snake:2  | Reached skill level 1 in Translocations
 29598 | Snake:2  | Found Nimmio Broch's Weapon Shoppe.
 29795 | Snake:2  | Reached XP level 17. HP: 130/137 MP: 31/31
 30169 | Snake:3  | Reached skill level 1 in Spellcasting
 30932 | Snake:3  | Got a smoking tin ring
 31135 | Snake:3  | Identified the ring of the Deaths {rPois Dex-4 Int+2} (You found it on level 3 of the Snake Pit)
 31822 | Snake:4  | Got a heavily runed lead ring
 31824 | Snake:4  | Identified the ring "Vumn" {rC++ Stlth-} (You found it on level 4 of the Snake Pit)
 32658 | Snake:5  | Entered Level 5 of the Snake Pit
 32742 | Snake:5  | Noticed Vashnia
 32983 | Snake:4  | Killed Vashnia
 33043 | Snake:4  | Reached skill level 10 in Evocations
 33050 | Snake:5  | Noticed Frances
 33060 | Snake:4  | Reached XP level 18. HP: 145/145 MP: 32/32
 34574 | Snake:5  | Got a serpentine rune of Zot
 34740 | Snake:5  | Got an opalescent robe
 34751 | Snake:5  | Identified the cursed -4 robe of True Grit {Dex+3 Int-4} (You found it on level 5 of the Snake Pit)
 34884 | Snake:5  | Noticed Aizul
 34897 | Snake:5  | Killed Aizul
 34902 | Snake:5  | Reached skill level 15 in Shields
 34958 | Snake:5  | Killed Frances
 35298 | Snake:5  | Learned a level 2 spell: Stoneskin
 35302 | Snake:5  | Learned a level 3 spell: Teleport Other
 35307 | Snake:5  | Learned a level 4 spell: Passage of Golubria
 35313 | Snake:5  | Learned a level 5 spell: Phase Shift
 35319 | Snake:5  | Learned a level 5 spell: Silence
 35987 | Swamp:1  | Reached skill level 1 in Hexes
 36267 | Swamp:1  | Reached skill level 5 in Spellcasting
 36267 | Swamp:1  | Reached XP level 19. HP: 152/152 MP: 33/33
 36697 | Swamp:2  | Reached skill level 10 in Invocations
 37114 | Swamp:2  | Found a shadowy altar of Dithmenos.
 38186 | Swamp:3  | Reached skill level 1 in Air Magic
 38808 | Swamp:4  | Noticed Agnes
 38828 | Swamp:4  | Killed Agnes
 39338 | Swamp:5  | Entered Level 5 of the Swamp
 39385 | Swamp:5  | Reached skill level 5 in Hexes
 40849 | Swamp:5  | Noticed a bone dragon
 40880 | Swamp:5  | Killed a bone dragon
 41068 | Swamp:5  | Got a decaying rune of Zot
 41303 | Swamp:5  | Gained mutation: Your flesh is heat resistant. [potion of beneficial mutation]
 41304 | Swamp:5  | Lost mutation: Your flesh is heat resistant. [potion of cure mutation]
 41445 | Swamp:5  | Reached skill level 5 in Air Magic
 41676 | Lair:6   | Learned a level 1 spell: Infusion
 41885 | D:12     | Learned a level 3 spell: Regeneration
 42185 | D:12     | Noticed Sonja
 42189 | D:12     | Killed Sonja
 42206 | D:12     | Reached XP level 20. HP: 147/147 MP: 34/34
 42572 | D:13     | Found a gate to the Vaults.
 43037 | D:13     | Noticed Maurice
 43055 | D:13     | Killed Maurice
 44045 | D:14     | Reached skill level 5 in Charms
 44528 | D:15     | Entered Level 15 of the Dungeon
 44824 | D:15     | Reached skill level 10 in Hexes
 44825 | D:15     | Noticed Kirke
 44850 | D:14     | Killed Kirke
 45065 | D:15     | Found a staircase to the Depths.
 45669 | Depths:1 | Entered Level 1 of the Depths
 46173 | Elf:1    | Learned a level 2 spell: Swiftness
 46178 | Elf:1    | Learned a level 4 spell: Cause Fear
 46181 | Elf:1    | Learned a level 2 spell: Song of Slaying
 46185 | Elf:1    | Learned a level 3 spell: Flight
 46243 | Elf:3    | Entered Level 3 of the Elven Halls
 46363 | Elf:3    | Found a deep blue altar of Sif Muna.
 46450 | Elf:3    | Gained mutation: [You are clumsy. (Dex -2)] [a shining eye]
 46803 | Elf:3    | Cast into the Abyss (deep elf sorcerer)
 46970 | Abyss:1  | Found a corrupted altar of Lugonu.
 47093 | Abyss:1  | Found a corrupted altar of Lugonu.
 47113 | Abyss:1  | Killed from afar by a starcursed mass

Action                   |  1- 3 |  4- 6 |  7- 9 | 10-12 | 13-15 | 16-18 | 19-21 || total
-------------------------+-------+-------+-------+-------+-------+-------+-------++-------
Melee: War axe           |   116 |   135 |   456 |   822 |   515 |       |       ||  2044
       Halberd           |       |       |       |       |   948 |  1706 |  1461 ||  4115
       Scythe            |       |       |       |       |       |    34 |       ||    34
Throw: Tomahawk          |       |       |    30 |       |     1 |     1 |       ||    32
       Throwing net      |       |       |       |       |       |       |     2 ||     2
 Cast: Shroud of Golubri |       |       |       |       |       |    82 |    60 ||   142
       Passage of Golubr |       |       |       |       |       |     3 |       ||     3
       Infusion          |       |       |       |       |       |       |    25 ||    25
       Teleport Other    |       |       |       |       |       |       |     2 ||     2
       Stoneskin         |       |       |       |       |       |       |     1 ||     1
       Regeneration      |       |       |       |       |       |       |    24 ||    24
       Silence           |       |       |       |       |       |       |     5 ||     5
Invok: Upheaval          |       |       |       |     2 |     4 |       |       ||     6
       Elemental Force   |       |       |       |       |    19 |    16 |    12 ||    47
       Disaster Area     |       |       |       |       |     1 |       |       ||     1
 Abil: Dig               |       |     1 |       |     7 |     9 |    22 |    16 ||    55
       Shaft Self        |       |       |       |     1 |       |       |       ||     1
       Evoke Flight      |       |       |       |       |     1 |       |       ||     1
Evoke: Wand              |       |       |     8 |    21 |    27 |    16 |    16 ||    88
  Use: Potion            |       |     1 |     2 |     3 |     4 |     9 |    16 ||    35
       Scroll            |       |     3 |    10 |     6 |    19 |     7 |    19 ||    64
 Stab: Confused          |       |       |     5 |       |       |       |     1 ||     6
       Invisible         |       |       |       |     4 |       |     2 |       ||     6
       Distracted        |       |       |       |       |     2 |     1 |       ||     3
  Eat: Chunk             |     2 |     5 |     4 |    10 |    27 |    49 |    45 ||   142
       Fruit             |     1 |       |     3 |     1 |     7 |     1 |     4 ||    17
       Bread ration      |       |       |     1 |     1 |       |       |     1 ||     3
       Beef jerky        |       |       |     1 |       |     4 |     1 |     2 ||     8
       Royal jelly       |       |       |     1 |       |     5 |     1 |       ||     7
       Meat ration       |       |       |       |     4 |     2 |     1 |       ||     7
       Pizza             |       |       |       |       |     1 |       |       ||     1
